 Dungeon Crawl Stone Soup version 0.28.0-53-g5a82cb258f (webtiles) character file.

Game seed: 13854311186797301355

771 DocClef the Firebug (level 7, -2/51 HPs)
             Began as a Gnoll Fire Elementalist on July 13, 2022.
             Was a Believer of Cheibriados.
             Slain by a vampire mosquito (11 damage)
             ... on level 5 of the Dungeon.
             The game lasted 00:08:31 (6449 turns).

DocClef the Firebug (Gnoll Fire Elementalist)       Turns: 6449, Time: 00:08:31

Health: -2/51      AC:  5    Str: 10 (11) XL:     7   Next: 83%
Magic:  1/15       EV: 14    Int: 18 (21) God:    Cheibriados [**....]
Gold:   153        SH:  0    Dex: 13 (16) Spells: 8/17 levels left

rFire   . . .      SeeInvis .   c - +0 spear
rCold   . . .      Faith    .   (no shield)
rNeg    . . .      Spirit   .   a - +0 robe
rPois   .          Reflect  .   i - +0 helmet
rElec   .          Harm     .   k - +1 cloak
rCorr   +          Rampage  .   (no gloves)
Will    .....                   (no boots)
Stlth   +++.......              (no amulet)
HPRegen 0.17/turn               m - ring of resist corrosion
MPRegen 0.14/turn               (no ring)

@: very slow
A: fangs 1, strong nose, distributed training
a: Renounce Religion, Bend Time


You were on level 5 of the Dungeon.
You worshipped Cheibriados.
Cheibriados was pleased with you.
You visited 2 branches of the dungeon, and saw 6 of its levels.
You also visited: Sewer.

You collected 153 gold pieces.

Inventory:

Hand Weapons
 c - a +0 spear (weapon)
Armour
 a - a +0 robe (worn)
 i - a +0 helmet (worn)
 k - a +1 cloak (worn)
Jewellery
 m - a ring of resist corrosion (left hand)
Scrolls
 d - a scroll of magic mapping
 f - a scroll of holy word {unknown}
 g - 2 scrolls of amnesia {unknown}
 h - 5 scrolls of teleportation {unknown}
 o - a scroll of vulnerability {unknown}
 p - 3 scrolls of identify {unknown}
 r - a scroll of enchant weapon {unknown}
 t - a scroll of enchant armour {unknown}
 v - a scroll of immolation {unknown}
Potions
 b - 3 potions of resistance
 j - a potion of cancellation
 q - 3 potions of heal wounds


   Skills:
 + Level 2.7 Fighting
 + Level 2.7 Short Blades
 + Level 2.7 Long Blades
 + Level 2.7 Axes
 + Level 2.7 Maces & Flails
 + Level 2.7 Polearms
 + Level 2.7 Staves
 + Level 2.7 Slings
 + Level 2.7 Bows
 + Level 2.7 Crossbows
 + Level 2.7 Throwing
 + Level 2.7 Armour
 + Level 5.4 Dodging
 + Level 5.0 Stealth
 + Level 2.7 Shields
 + Level 2.7 Unarmed Combat
 + Level 5.7 Spellcasting
 + Level 3.1 Conjurations
 + Level 2.2 Hexes
 + Level 2.2 Summonings
 + Level 2.2 Necromancy
 + Level 2.2 Translocations
 + Level 2.2 Transmutations
 + Level 5.9 Fire Magic
 + Level 2.2 Ice Magic
 + Level 2.2 Air Magic
 + Level 2.2 Earth Magic
 + Level 2.2 Poison Magic
 + Level 3.0 Invocations
 + Level 2.7 Evocations


You had 8 spell levels left.
You knew the following spells:

 Your Spells              Type           Power      Damage    Failure   Level
a - Foxfire               Conj/Fire      84%        2x1d8     1%          1
b - Scorch                Fire           52%        2d7       1%          2
c - Conjure Flame         Conj/Fire      21%        6-21      6%          3
d - Inner Flame           Hex/Fire       19%        N/A       7%          3

Your spell library contained the following spells:

 Spells                   Type           Power      Damage    Failure   Level
 Beastly Appendage        Tmut           26%        N/A       4%          1
 Wereblood                Tmut           13%        N/A       8%          2
 Ozocubu's Armour         Ice            13%        N/A       14%         3
 Portal Projectile        Hex/Tloc       26%        N/A       14%         3
 Spider Form              Tmut/Pois      13%        N/A       14%         3
 Flame Wave               Conj/Fire      21%        2d7       19%         4
 Blade Hands              Tmut           6%         N/A       80%         5
 Excruciating Wounds      Necr           6%         N/A       80%         5
 Metabolic Englaciation   Hex/Ice        6%         N/A       80%         5
 Simulacrum               Ice/Necr       6%         N/A       100%        6


Dungeon Overview and Level Annotations

Branches:
Dungeon (5/15)             Temple (1/1) D:4           Sewer (visited)

Altars:
Ashenzari
Cheibriados
Dithmenos
Elyvilon
Fedhas
Gozag
Makhleb
Nemelex Xobeh
Okawaru
Qazlal
Ru
Trog
Uskayaw
Vehumet
Wu Jian
Xom
Zin
The Shining One


Innate Abilities, Weirdness & Mutations

You have very sharp teeth.
Your uncanny sense of smell can sniff out nearby items.
Your experience applies equally to all skills.


Message History

The vampire mosquito closely misses you.
The vampire mosquito smothers the flame.
You hit the vampire mosquito.
You bite the vampire mosquito, but do no damage.
The vampire mosquito is moderately damaged.
The vampire mosquito bites you!
* * * LOW HITPOINT WARNING * * *
The vampire mosquito draws strength from your injuries!
Unknown command.
You are too injured to fight recklessly!
Unknown command.
Casting: Conjure Flame (dangerous; 6% risk of failure)
Confirm with . or Enter, or press ? or * to list all spells.
You conjure some foxfire!
The vampire mosquito closely misses you.
The vampire mosquito bites you.
* * * LOW HITPOINT WARNING * * *
The vampire mosquito draws strength from your injuries!
Casting: Foxfire (safe; 1% risk of failure)
Confirm with . or Enter, or press ? or * to list all spells.
Flames lash the vampire mosquito.
The vampire mosquito is moderately damaged.
The vampire mosquito's fire resistance burns away.
You hear an angry buzzing noise.
The foxfire hits the vampire mosquito.
The vampire mosquito is burned terribly!
The vampire mosquito is moderately damaged.
The foxfire hits the vampire mosquito!
The vampire mosquito is burned terribly!
The vampire mosquito is almost destroyed.
Casting: Scorch (safe; 1% risk of failure)
Confirm with . or Enter, or press ? or * to list all spells.
Flames lash the vampire mosquito.
The vampire mosquito is severely damaged.
The vampire mosquito's fire resistance burns away.
The vampire mosquito barely misses you. The vampire mosquito bites you.
* * * LOW HITPOINT WARNING * * *
The vampire mosquito draws strength from your injuries!
The vampire mosquito misses you. The vampire mosquito bites you!
You die...

#........##....#..,,,,*
*####.#...##....#.#*****
*,*#......##....#.#
#.##...#.###....#.#
#...............'.#
#.#.##y#####....#.#*****
#.#.##.# #....#.#,,,,,
#....yy#####.)..#.#,,,,,
**###....@..........#,,,,,
*.........####..###.#.....
*.........####......#.....
*...................PP....
*...!^....####.PP.≈≈......
*...............≈≈≈≈≈.....
*.........####P.≈≈≈≈≈≈≈...
*,........# #P.≈≈≈≈≈≈≈...
*,,,,,,,,,* #.≈≈≈≈≈≈≈≈≈.÷


You could see 3 vampire mosquitoes.

Vanquished Creatures
  A water moccasin (D:4)
  An ogre (D:5)
  2 kobold brigands (Sewer)
  2 hounds
  An orc priest (D:4)
  Jessica (D:2)
  An iguana (D:5)
  An orc wizard (D:5)
  A hound skeleton (D:4)
  11 adders
  3 river rats
  3 worms
  3 dart slugs
  12 orcs
  5 endoplasms
  7 giant cockroaches
  7 goblins
  6 hobgoblins
  12 jackals
  10 kobolds
  A quokka (D:2)
  13 ball pythons
  5 bats
  2 frilled lizards (D:3)
  7 rats
118 creatures vanquished.

Vanquished Creatures (collateral kills)
  5 foxfires (D:5)
5 creatures vanquished.

Vanquished Creatures (others)
  512 foxfires
512 creatures vanquished.

Grand Total: 635 creatures vanquished

Notes
Turn   | Place    | Note
-------+----------+-------------------------------------------
     0 | D:1      | DocClef the Gnoll Fire Elementalist began the quest for the
                  | Orb.
     0 | D:1      | Reached XP level 1. HP: 13/13 MP: 6/6
   178 | D:1      | Reached XP level 2. HP: 14/19 MP: 0/7
   738 | D:1      | Reached XP level 3. HP: 25/25 MP: 9/9
   761 | D:1      | Reached skill level 5 in Spellcasting
   947 | D:2      | Found a shimmering altar of Xom.
  1177 | D:2      | Noticed Jessica
  1181 | D:2      | Killed Jessica
  1182 | D:2      | Reached skill level 1 in Fighting
  1182 | D:2      | Reached skill level 1 in Short Blades
  1182 | D:2      | Reached skill level 1 in Long Blades
  1182 | D:2      | Reached skill level 1 in Axes
  1182 | D:2      | Reached skill level 1 in Maces & Flails
  1182 | D:2      | Reached skill level 1 in Polearms
  1182 | D:2      | Reached skill level 1 in Staves
  1182 | D:2      | Reached skill level 1 in Slings
  1182 | D:2      | Reached skill level 1 in Bows
  1182 | D:2      | Reached skill level 1 in Crossbows
  1182 | D:2      | Reached skill level 1 in Throwing
  1182 | D:2      | Reached skill level 1 in Armour
  1182 | D:2      | Reached skill level 1 in Shields
  1182 | D:2      | Reached skill level 1 in Unarmed Combat
  1182 | D:2      | Reached skill level 1 in Invocations
  1182 | D:2      | Reached skill level 1 in Evocations
  1182 | D:2      | Reached XP level 4. HP: 30/32 MP: 6/11
  2038 | D:2      | Learned a level 2 spell: Scorch
  2042 | D:2      | Learned a level 3 spell: Conjure Flame
  2046 | D:2      | Learned a level 3 spell: Inner Flame
  2106 | D:3      | Reached skill level 1 in Hexes
  2106 | D:3      | Reached skill level 1 in Summonings
  2106 | D:3      | Reached skill level 1 in Necromancy
  2106 | D:3      | Reached skill level 1 in Translocations
  2106 | D:3      | Reached skill level 1 in Transmutations
  2106 | D:3      | Reached skill level 1 in Ice Magic
  2106 | D:3      | Reached skill level 1 in Air Magic
  2106 | D:3      | Reached skill level 1 in Earth Magic
  2106 | D:3      | Reached skill level 1 in Poison Magic
  2390 | D:3      | Reached XP level 5. HP: 37/37 MP: 9/12
  3744 | D:4      | Found a stormy altar of Qazlal.
  3811 | D:4      | Found a sacrificial altar of Ru.
  3823 | D:4      | Found a glowing silver altar of Zin.
  3833 | D:4      | Found a staircase to the Ecumenical Temple.
  3846 | Temple   | Entered the Ecumenical Temple
  3955 | Temple   | Became a worshipper of Cheibriados the Contemplative
  4224 | D:4      | Found a sparkling altar of Nemelex Xobeh.
  4385 | D:4      | Reached XP level 6. HP: 28/44 MP: 5/13
  4605 | D:4      | Noticed a water moccasin
  4612 | D:4      | Killed a water moccasin
  4613 | D:4      | Reached skill level 5 in Dodging
  4901 | D:5      | Entered Level 5 of the Dungeon
  5272 | D:5      | Reached XP level 7. HP: 50/50 MP: 10/15
  5281 | D:5      | Found a glowing drain.
  5294 | D:5      | Reached * piety under Cheibriados
  5307 | Sewer    | Entered a sewer
  5925 | Sewer    | Reached ** piety under Cheibriados
  6152 | D:5      | Reached skill level 5 in Stealth
  6426 | D:5      | Noticed a vampire mosquito
  6432 | D:5      | Noticed a vampire mosquito
  6434 | D:5      | Noticed a vampire mosquito
  6449 | D:5      | Slain by a vampire mosquito

Illustrated notes

Levels and vault maps discovered:
D:1:      shiori_arrival_oz, layout_basic, minmay_domino_2
D:2:      minmay_door_path, layout_basic, basic_altar,
          nicolae_elevator_lobby_plus, uniq_jessica
D:3:      layout_loops_ring, serial_rivers, chequers_serial_rivers_micro_e,
          chequers_serial_rivers_large_b, chequers_serial_rivers_room_b,
          chequers_serial_rivers_small_3, chequers_serial_rivers_small_3
D:4:      layout_basic, nicolae_overflow_quartered_altars, temple_fountains
D:5:      minmay_recursive_quarters, layout_basic, portal_sewer_entry_c,
          chequers_serial_rivers_micro_b, guppyfry_early_lair_pool, uniq_ijyb,
          uniq_pikel
Temple:   eino_temple_lava

Skill      XL: |  1  2  3  4  5  6  7 |
---------------+----------------------+-----
Conjurations   | 2 3 |  3.1
Spellcasting   | 5 |  5.7
Fighting       | 1 2 |  2.7
Short Blades   | 1 2 |  2.7
Long Blades    | 1 2 |  2.7
Axes           | 1 2 |  2.7
Maces & Flails | 1 2 |  2.7
Polearms       | 1 2 |  2.7
Staves         | 1 2 |  2.7
Slings         | 1 2 |  2.7
Bows           | 1 2 |  2.7
Crossbows      | 1 2 |  2.7
Throwing       | 1 2 |  2.7
Armour         | 1 2 |  2.7
Shields        | 1 2 |  2.7
Unarmed Combat | 1 2 |  2.7
Invocations    | 1 2 3 |  3.0
Evocations     | 1 2 |  2.7
Hexes          | 1 2 |  2.2
Summonings     | 1 2 |  2.2
Necromancy     | 1 2 |  2.2
Translocations | 1 2 |  2.2
Transmutations | 1 2 |  2.2
Ice Magic      | 1 2 |  2.2
Air Magic      | 1 2 |  2.2
Earth Magic    | 1 2 |  2.2
Poison Magic   | 1 2 |  2.2
Dodging        | 5 |  5.4
Stealth        | 5 |  5.0
Fire Magic     | |  5.9

Action                   |  1- 3 |  4- 6 |  7- 9 || total
-------------------------+-------+-------+-------++-------
Melee: Spear             |     9 |    47 |     5 ||    61
       Bite              |       |     3 |     2 ||     5
 Cast: Foxfire           |    76 |   153 |    93 ||   322
       Conjure Flame     |       |     4 |     3 ||     7
       Scorch            |       |     3 |     2 ||     5
  Use: Scroll            |       |     1 |       ||     1
       Potion            |       |       |     8 ||     8
 Stab: Sleeping          |     1 |       |       ||     1
Armor: Robe              |     7 |    23 |     2 ||    32
Dodge: Dodged            |     6 |    42 |    10 ||    58
